 Dungeon Crawl Stone Soup version 0.31.0-32-g396128a36d (webtiles) character file.

Game seed: 17999085540547118643

8439 PaiMei the Dealer of Despair (level 11, -3/83 (87) HPs)
             Began as a Demonspawn Necromancer on Mar 30, 2024.
             Was an Elder of Kikubaaqudgha.
             Slain by a wraith (11 damage)
             ... led by Josephine
             ... on level 11 of the Dungeon.
             The game lasted 00:23:09 (14356 turns).

PaiMei the Dealer of Despair (DsNe)                Turns: 14356, Time: 00:23:10

HP:   -3/83 (87)    AC:  8    Str:  8    XL:     11   Next: 9%
MP:   23/23         EV: 15    Int: 24    God:    Kikubaaqudgha [****..]
Gold: 733           SH:  4    Dex: 14    Spells: 13/26 levels left

rFire   . . .        A - +1 hand axe (flame)
rCold   . . .        N - +0 buckler
rNeg    . . .        E - +2 robe of Happy Babbling {^Drain Will+ Slay+4}
rPois   +            g - +0 helmet
rElec   .            d - +0 cloak
rCorr   .            Q - +0 pair of gloves
SInv    .            o - +0 pair of boots
Will    +....        l - amulet of regeneration
Stlth   ++           B - ring of poison resistance
HPRegen 2.13/turn    (no ring)
MPRegen 0.18/turn

%: no passive effects
@: slowed, lightly drained, very slow
A: hooves 2, demonic guardian 1, powered by death 3, big brain 2
a: Renounce Religion, Unearth Wretches


You were on level 11 of the Dungeon.
You worshipped Kikubaaqudgha.
Kikubaaqudgha was greatly pleased with you.
You visited 2 branches of the dungeon, and saw 12 of its levels.

You collected 733 gold pieces.

Inventory:

Hand Weapons
 f - a +2 dagger of protection
 t - a +2 dagger of venom
 y - a +2 hand axe of freezing
 A - a +1 hand axe of flaming (weapon)
 K - a +2 spear of venom
Missiles
 h - 4 poisoned darts
 v - 7 curare-tipped darts (quivered)
 C - 4 throwing nets
Armour
 d - a +0 cloak (worn)
 g - a +0 helmet (worn)
 o - a +0 pair of boots (worn)
 E - the +2 robe of Happy Babbling (worn) {^Drain Will+ Slay+4}
   (You found it on level 5 of the Dungeon)

   Slay+4:    It affects your accuracy & damage with ranged weapons and melee
   (+4).
   Will+:     It increases your willpower.
   ^Drain:    It drains your maximum health when unequipped.
 N - a +0 buckler (worn)
 Q - a +0 pair of gloves (worn)
Jewellery
 l - an amulet of regeneration (around neck)
 B - a ring of poison resistance (left hand)
Wands
 s - a wand of mindburst (19)
 w - a wand of light (22)
 L - a wand of digging (6)
Scrolls
 a - a scroll of fear {unknown}
 e - 6 scrolls of identify {unknown}
 i - 5 scrolls of noise {unknown}
 j - a scroll of blinking {unknown}
 n - 3 scrolls of fog {unknown}
 u - 2 scrolls of enchant weapon {unknown}
 x - 6 scrolls of teleportation {unknown}
 D - a scroll of silence {unknown}
 F - a scroll of revelation {unknown}
 H - 4 scrolls of summoning {unknown}
 I - a scroll of vulnerability {unknown}
 M - a scroll of amnesia {unknown}
 O - a scroll of torment {unknown}
 R - a scroll of immolation {unknown}
 T - a scroll of enchant armour {unknown}
Potions
 b - 7 potions of magic
 c - 3 potions of curing {unknown}
 k - 2 potions of mutation {unknown}
 m - 3 potions of enlightenment {unknown}
 p - 2 potions of degeneration {unknown}
 q - 2 potions of ambrosia {unknown}
 r - a potion of cancellation {unknown}
 z - 4 potions of heal wounds {unknown}
 G - a potion of lignification {unknown}
 J - a potion of might {unknown}
 P - a potion of attraction {unknown}
 S - 2 potions of haste {unknown}


   Skills:
 + Level 8.5 Fighting
 + Level 8.2 Dodging
 - Level 2.0 Stealth
 + Level 8.2 Spellcasting
 + Level 10.5 Necromancy


You had 13 spell levels left.
You knew the following spells:

 Your Spells              Type           Power      Damage    Failure   Level
a - Necrotise             Necr           100%       1d9       1%          1
b - Vampiric Draining     Necr           57%        2d10      1%          3
c - Animate Dead          Necr           57%        N/A       1%          4
d - Curse of Agony        Necr           57%        N/A       3%          5

Your spell library contained the following spells:

 Spells                   Type           Power      Damage    Failure   Level
 Sublimation of Blood     Necr           57%        N/A       1%          2
 Fugue of the Fallen      Necr           57%        N/A       1%          3
 Apportation              Tloc           18%        N/A       11%         1
 Sting                    Conj/Alch      36%        1d5       11%         1
 Summon Small Mammal      Summ           36%        N/A       11%         1
 Anguish                  Hex/Necr       17%        N/A       12%         4
 Martyr's Knell           Necr/Summ      35%        N/A       12%         4
 Mercury Vapours          Alch/Air       18%        N/A       16%         2
 Dazzling Flash           Conj/Hex       18%        N/A       30%         3
 Volatile Blastmotes      Fire/Tloc      18%        2d11      30%         3
 Borgnjor's Vile Clutch   Necr/Erth      17%        N/A       32%         5
 Olgreb's Toxic Radiance  Alch           9%         N/A       71%         4
 Starburst                Conj/Fire      4%         6d4       100%        6
 Maxwell's Capacitive Co  Air            4%         ∞         100%        8


Dungeon Overview and Level Annotations

Branches:
Dungeon (11/15)            Temple (1/1) D:5            Lair (0/5) D:10
    Orc (0/2) D:9

Altars:
Ashenzari
Cheibriados
Dithmenos
Fedhas
Gozag
Hepliaklqana
Kikubaaqudgha
Makhleb
Nemelex Xobeh
Okawaru
Qazlal
Ru
Sif Muna
Trog
Uskayaw
Vehumet
Wu Jian
Xom
Yredelemnul

Shops:
D:4 =*   D:6 [   D:7 *

Annotations:
D:6 1 runed translucent door, tymior's ghost, novice MfIE
D:8 Jeremiah
D:11 Josephine


Innate Abilities, Weirdness & Mutations

You have hoof-like feet.
A weak demonic guardian rushes to your aid.
You regenerate a lot of health from kills.
You have an extremely huge brain. (Int +4)


Message History

Josephine is moderately wounded.
You hit the wraith but do no damage. x2; The wraith closely misses you.
The wraith barely misses you. Josephine hits you with a +0 dagger.
The wraith hits you! The wraith drains your vigour!
You feel as though you will be slow longer.
The wraith hits your two-headed ogre zombie.
The wraith drains your two-headed ogre zombie's vigour!
Your two-headed ogre zombie seems to slow down.
Josephine points at you and mumbles some strange words.
The ghostly flame explodes!
The ghostly fireball engulfs you!!
You feel drained.
* * * LOW HITPOINT WARNING * * *
A demonic guardian appears!
The ghostly fireball engulfs Josephine.
Josephine completely resists.
The ghostly fireball engulfs your two-headed ogre zombie.
Your two-headed ogre zombie completely resists.
The ghostly fireball engulfs the wraith.
The wraith completely resists.
The ghostly fireball engulfs the wraith.
The wraith completely resists.
Your two-headed ogre zombie barely misses Josephine.
Your two-headed ogre zombie hits Josephine.
You hear an angry buzzing noise. x3
You hit Josephine. You burn Josephine.
Josephine is heavily wounded.
You hit the wraith but do no damage.
You catch the helpless wraith completely off-guard!
You hit the wraith but do no damage. The wraith hits you!
* * * LOW HITPOINT WARNING * * *
The wraith hits you but does no damage. Josephine completely misses you.
The wraith misses you. x2; Josephine hits you with a +0 dagger.
* * * LOW HITPOINT WARNING * * *
You barely miss the wraith.
The wraith is lightly damaged.
You hit Josephine. You burn Josephine. You hit the wraith. You burn the wraith.
You destroy the wraith!
Kikubaaqudgha accepts your kill. The wraith hits you!
You die...
Kikubaaqudgha rasps: "You have failed me!
Welcome... death!"

##.# .#. ## ##.. ##..
#..########## ...##..
....^...# .. ....#
#..####.## .# #@W##....#
#..##. ###4@W.>.#.####.#..
### ##.Z.###...... #<#.#
....#####..###.. ##..##.#.#
#.........## .# #.....#.#
.####....####.# ###.....#
#.######.##...#..# ##..###
.........####.#.## #>.###
#.#####..# ##....# #....##
##..###..##.#########.#..##


You could see Josephine (ally target), 2 wraiths, a friendly ice devil
(summoned) and a friendly two-headed ogre zombie (slow).

Vanquished Creatures
  3 two-headed ogres
  2 komodo dragons
  A troll (D:10)
  A hornet (D:9)
  2 wyverns (D:9)
  4 yaks (D:10)
  2 steam dragons
  2 wraiths (D:11)
  4 vampire mosquitoes (D:10)
  5 orc warriors (D:9)
  An ice beast (D:6)
  2 ogres
  A centaur (D:10)
  2 phantoms
  A kobold brigand (D:9)
  2 gnoll sergeants
  3 scorpions
  12 wights
  5 killer bees (D:10)
  3 howler monkeys
  7 hounds
  3 bombardier beetles
  A gnoll bouda (D:7)
  3 jellies
  6 orc priests
  8 iguanas
  10 orc wizards
  2 sleepcaps
  Robin (D:2)
  17 gnolls
  12 river rats (D:6)
  7 adders
  2 shadow imps (D:4)
  A white imp (D:6)
  2 dart slugs
  A ribbon worm (D:3)
  49 orcs
  6 ball pythons
  10 endoplasms
  A giant cockroach (D:3)
  15 goblins
  7 hobgoblins
  2 jackals (D:1)
  5 kobolds
  11 quokkas
  4 bats
  2 frilled lizards
  18 rats
271 creatures vanquished.

Vanquished Creatures (collateral kills)
  A killer bee (D:10)
  An orc wizard (D:11)
  A gnoll (D:3)
  2 adders
  A white imp (D:5)
  2 ribbon worms (D:2)
  3 orcs
  2 goblins
  A frilled lizard (D:3)
  2 rats (D:6)
16 creatures vanquished.

Grand Total: 287 creatures vanquished

Notes
Turn   | Place    | Note
-------+----------+-------------------------------------------
     0 | D:1      | PaiMei the Demonspawn Necromancer began the quest for the
                  | Orb.
     0 | D:1      | Reached XP level 1. HP: 13/13 MP: 3/3
   304 | D:1      | Gained mutation: A weak demonic guardian rushes to your
                  | aid. [demonic ancestry]
   304 | D:1      | Reached XP level 2. HP: 19/19 MP: 0/5
   486 | D:1      | Found a faded altar of an unknown god.
   919 | D:2      | Gained mutation: You regenerate a little health from kills.
                  | [demonic ancestry]
   919 | D:2      | Reached XP level 3. HP: 25/25 MP: 0/6
  1037 | D:2      | Reached skill level 1 in Fighting
  1108 | D:2      | Found a shimmering altar of Xom.
  1520 | D:2      | Gained mutation: You have large cloven feet. [demonic
                  | ancestry]
  1520 | D:2      | Reached XP level 4. HP: 32/32 MP: 0/7
  1687 | D:2      | Noticed Robin
  2232 | D:3      | Reached skill level 5 in Necromancy
  2701 | D:2      | Killed Robin
  2702 | D:2      | Gained mutation: You have an unusually large brain. (Int
                  | +2) [demonic ancestry]
  2702 | D:2      | Reached XP level 5. HP: 38/38 MP: 3/9
  3347 | D:4      | Found Heuleips's General Store.
  3497 | D:4      | Noticed an ogre
  3503 | D:4      | Killed an ogre
  3504 | D:4      | Gained mutation: You have an extremely huge brain. (Int +4)
                  | [demonic ancestry]
  3504 | D:4      | Reached XP level 6. HP: 45/46 MP: 2/10
  4046 | D:4      | Learned a level 3 spell: Vampiric Draining
  4125 | D:4      | Found an iron altar of Okawaru.
  4204 | D:4      | Found Zaiggem's Jewellery Boutique.
  4669 | D:5      | Entered Level 5 of the Dungeon
  4984 | D:5      | Found a staircase to the Ecumenical Temple.
  4997 | Temple   | Entered the Ecumenical Temple
  5008 | Temple   | Became a worshipper of Kikubaaqudgha
  5082 | D:5      | Identified the +2 robe of Happy Babbling {^Drain Will+
                  | Slay+4}
  5108 | D:5      | Reached skill level 6 in Necromancy
  5108 | D:5      | Gained mutation: You have hoof-like feet. [demonic
                  | ancestry]
  5108 | D:5      | Reached XP level 7. HP: 52/52 MP: 4/12
  5504 | D:5      | Reached XP level 8. HP: 35/60 MP: 0/14
  6052 | D:6      | Noticed tymior's ghost (novice MfIE)
  6103 | D:6      | Reached skill level 7 in Necromancy
  6171 | D:6      | Reached skill level 5 in Dodging
  6171 | D:6      | Reached skill level 5 in Spellcasting
  6282 | D:6      | Reached * piety under Kikubaaqudgha
  6282 | D:6      | Received a gift from Kikubaaqudgha
  6452 | D:6      | Found a runed translucent door.
  6489 | D:6      | You fall into a shaft and drop 1 floor!
  6562 | D:7      | Found Vahupp's Overcharged Wands.
  6757 | D:6      | Found Xijergh's Armour Shoppe.
  6890 | D:6      | Reached skill level 5 in Fighting
  7350 | D:6      | Reached ** piety under Kikubaaqudgha
  8156 | D:7      | Gained mutation: You regenerate health from kills. [demonic
                  | ancestry]
  8156 | D:7      | Reached XP level 9. HP: 43/68 MP: 9/17
  8706 | D:8      | Reached skill level 8 in Necromancy
  9625 | D:8      | Noticed Jeremiah
  9888 | D:8      | Found an ornate altar of the Wu Jian Council.
 10554 | D:9      | Found a broken altar of Ashenzari.
 11182 | D:9      | Reached skill level 9 in Necromancy
 11231 | D:9      | Gained mutation: You regenerate a lot of health from kills.
                  | [demonic ancestry]
 11231 | D:9      | Reached XP level 10. HP: 79/79 MP: 5/20
 11238 | D:9      | Reached *** piety under Kikubaaqudgha
 11238 | D:9      | Received a gift from Kikubaaqudgha
 11351 | D:9      | Found a staircase to the Orcish Mines.
 11858 | D:9      | Noticed a two-headed ogre
 11867 | D:9      | Killed a two-headed ogre
 12037 | D:10     | Entered Level 10 of the Dungeon
 13069 | D:10     | Reached skill level 10 in Necromancy
 13767 | D:10     | Noticed a two-headed ogre
 13777 | D:10     | Killed a two-headed ogre
 13915 | D:10     | Found a staircase to the Lair.
 14049 | D:11     | Reached XP level 11. HP: 87/87 MP: 12/23
 14054 | D:11     | Learned a level 4 spell: Animate Dead
 14060 | D:11     | Learned a level 5 spell: Curse of Agony
 14138 | D:11     | Noticed a two-headed ogre
 14152 | D:11     | Killed a two-headed ogre
 14306 | D:11     | Reached **** piety under Kikubaaqudgha
 14343 | D:11     | Noticed Josephine
 14355 | D:11     | HP: 4/83 [wraith[Josephine] (9)]
 14356 | D:11     | Slain by a wraith

Illustrated notes

Levels and vault maps discovered:
D:1:      dpeg_arrival_tiny_a, layout_basic, dilly_ecumenical_altar_fadedgnrine
D:2:      layout_basic, basic_altar, uniq_robin
D:3:      layout_rooms
D:4:      layout_gridville, mainiacjoe_overflow_alcove_4, serial_shops, shop,
          nicolae_inconvenience_store, nicolae_the_louvre
D:5:      minmay_chambers_of_threes, layout_rooms, minmay_temple_entry_ruins
D:6:      lemuel_ratsnest, layout_cave_pods, serial_shops,
          nicolae_shop_waterfront, hellmonk_ghost_happy_afterlife,
          kennysheep_generic_room_16
D:7:      layout_loops_cross, minmay_misc_feat_secret_circle,
          nicolae_shop_overcharged_wands
D:8:      layout_layer_cave, old_standard_altar, minmay_misc_feat_diagonals,
          chequers_arboretum, uniq_jeremiah
D:9:      layout_basic, kennysheep_mini_moat, david_orc_5, enter_bailey_5,
          wad_floor_pattern_2
D:10:     layout_cave_pools, david_lair_shrubbed
D:11:     layout_rooms, special_room [special_room_kobold], uniq_josephine
Temple:   hellmonk_temple_of_storms

Skill      XL: |  1  2  3  4  5  6  7  8  9 10 |
---------------+-------------------------------+-----
Dodging        | 2 3 4 5 6 8 |  8.2
Stealth        | 2 |  2.0
Fighting       | 1 2 3 4 5 7 8 |  8.5
Necromancy     | 5 6 7 9 10 | 10.5
Spellcasting   | 3 4 5 6 8 |  8.2

Action                     |  1- 3 |  4- 6 |  7- 9 | 10-12 || total
---------------------------+-------+-------+-------+-------++-------
  Melee: Dagger            |    27 |    33 |   277 |       ||   337
         Trident           |     1 |       |       |       ||     1
         Hand axe          |       |       |    85 |   117 ||   202
         Punch             |       |       |     4 |     1 ||     5
   Cast: Necrotise         |    58 |   123 |   120 |    52 ||   353
         Vampiric Draining |       |     6 |    68 |    69 ||   143
         Animate Dead      |       |       |       |     1 ||     1
   Stab: Distracted        |       |       |       |     1 ||     1
         Sleeping          |       |       |       |     1 ||     1
 Armour: Robe              |    24 |    50 |   225 |   160 ||   459
  Dodge: Dodged            |    30 |    68 |   296 |   201 ||   595
  Block: Buckler           |       |       |       |    37 ||    37
